 Dungeon Crawl Stone Soup version 0.25.0-10-g039870e (webtiles) character file.

Game seed: 2276475801895454302

2349 Faca the Grappler (level 9, -15/94 HPs)
             Began as a Troll Fighter on June 22, 2020.
             Was an Initiate of Okawaru.
             Killed from afar by Erica (26 damage)
             ... with a bolt of poison
             ... on level 8 of the Dungeon.
             The game lasted 00:11:48 (5909 turns).

Faca the Grappler (Troll Fighter)                   Turns: 5909, Time: 00:11:48

Health: -15/94     AC:  8    Str: 29    XL:     9   Next: 20%
Magic:  8/8        EV:  8    Int:  4    God:    Okawaru [......]
Gold:   384        SH: 10    Dex:  9    Spells: 8/8 levels left

rFire    + . .     SeeInvis .     - Unarmed
rCold    + . .     Gourm    +   b - +1 kite shield
rNeg     . . .     Faith    .   a - +0 robe
rPois    .         Spirit   .   (helmet restricted)
rElec    .         Reflect  .   g - +1 cloak
rCorr    .         Harm     .   (gloves unavailable)
MR       .....                  (boots unavailable)
Stlth    +.........             (no amulet)
HPRegen  0.65/turn              r - ring of protection from fire
MPRegen  0.11/turn              t - ring of protection from cold

@: lethally poisoned (-15 -> -19)
A: large, unfitting armour, claws 3, fast metabolism 3, gourmand, regeneration
1, shaggy fur 1, tough skin 3
a: Renounce Religion


You were on level 8 of the Dungeon.
You worshipped Okawaru.
Okawaru was noncommittal.
You were very hungry.

You visited 1 branch of the dungeon, and saw 8 of its levels.

You collected 384 gold pieces.

Inventory:

Missiles
 f - 5 silver javelins
 l - 10 boomerangs (quivered)
Armour
 a - a +0 robe (worn)
 b - a +1 kite shield (worn)
 g - a +1 cloak (worn)
Jewellery
 o - an uncursed ring of flight
 r - a ring of protection from fire (left claw)
 t - a ring of protection from cold (right claw)
Wands
 p - a wand of polymorph (6)
 s - a wand of random effects (11)
Scrolls
 e - 5 scrolls of remove curse
 h - a scroll of fog
 k - 2 scrolls of enchant armour
 n - 6 scrolls of identify
Potions
 c - 2 potions of might
 i - 2 potions of curing
 j - a potion of lignification
 m - a potion of haste
 q - a potion of flight
Comestibles
 d - 20 rations


   Skills:
 + Level 7.7 Fighting
 - Level 2.4 Dodging
 - Level 2.4 Shields
 + Level 9.0 Unarmed Combat


You had 8 spell levels left.
You didn't know any spells.
Your spell library contained the following spells:

 Spells                   Type           Power        Failure   Level  Hunger
 Foxfire                  Conj/Fire      #...         93%         1    ##.....
 Conjure Flame            Conj/Fire      #.......     100%        3    ####...
 Inner Flame              Hex/Fire       #.......     100%        3    ####...
 Sticky Flame             Conj/Fire      #.......     100%        4    #####..
 Fireball                 Conj/Fire      #.........   100%        5    ######.


Dungeon Overview and Level Annotations

Branches:
Dungeon (8/15)             Temple (0/1) D:7
   Lair: D:8-11

Altars:
Hepliaklqana
Okawaru
Qazlal
Sif Muna
Yredelemnul
Zin

Shops:
D:5 (   D:6 !   D:7 *!?!}

Annotations:
D:8 Erica


Innate Abilities, Weirdness & Mutations

You are too large for most types of armour.
You have claws for hands.
Your metabolism is lightning-fast.
You like to eat raw meat.
Your natural rate of healing is unusually fast.
You are covered in fur. (AC +1)
You have extremely tough skin. (AC +3)


Message History

You miss something.
You feel sick. Something hits you.
You closely miss something.
You feel sick. Something hits you!
* * * LOW HITPOINT WARNING * * *
Something burns you.
* * * LOW HITPOINT WARNING * * *
Okay, then.
Okay, then.
You feel better.
You scratch something. Something hits you.
* * * LOW HITPOINT WARNING * * *
You closely miss something. Something hits you!
* * * LOW HITPOINT WARNING * * *
Something burns you.
* * * LOW HITPOINT WARNING * * *
You miss something.
You hear some strange, mumbled words.
A bolt of poison appears from out of thin air!
The bolt of poison hits you!!
You are poisoned.
You die...

#.........# #.....#..####
.##........# ##......##
...#.......# ##......##
#..##....###..###..######
#...####...##..........
###......#.............
####.###.............
#{##..............
#@.#..............
#..#..............
##.#..............
...............#
...............# ###....
####


There were no monsters in sight!

Vanquished Creatures
  2 hungry ghosts (D:7)
  Menkaure (D:4)
  3 orc warriors
  An ice beast (D:6)
  A phantom (D:5)
  A sky beast (D:7)
  2 ogres
  4 crimson imps
  A quasit (D:7)
  2 hounds
  3 orc priests
  2 centaur skeletons
  A bullfrog skeleton (D:6)
  Jessica (D:2)
  11 orc wizards
  2 iguanas
  6 worker ants
  A hound zombie (D:5)
  A worker ant zombie (D:8)
  6 adders
  7 gnolls
  An ooze (D:1)
  2 adder skeletons
  3 worms
  2 dart slugs (D:1)
  2 leopard geckos (D:1)
  24 orcs
  A ball python (D:7)
  5 bats
  5 giant cockroaches
  8 goblins
  7 hobgoblins
  21 jackals
  3 quokkas
  4 frilled lizards
  2 giant cockroach zombies
  9 kobolds
  A leopard gecko skeleton (D:4)
  A quokka skeleton (D:4)
  7 rats
  A spectral orc (D:3)
168 creatures vanquished.

Notes
Turn   | Place    | Note
-------+----------+-------------------------------------------
     0 | D:1      | Faca the Troll Fighter began the quest for the Orb.
     0 | D:1      | Reached XP level 1. HP: 22/22 MP: 0/0
    58 | D:1      | Reached XP level 2. HP: 26/29 MP: 1/1
   331 | D:1      | Reached XP level 3. HP: 34/37 MP: 2/2
   478 | D:1      | Reached skill level 3 in Unarmed Combat
   910 | D:2      | Reached XP level 4. HP: 29/45 MP: 3/3
  1171 | D:2      | Noticed Jessica
  1175 | D:2      | Killed Jessica
  1429 | D:3      | Reached XP level 5. HP: 54/54 MP: 4/4
  1479 | D:3      | Reached skill level 4 in Unarmed Combat
  1796 | D:3      | Found a hazy altar of Hepliaklqana.
  1883 | D:3      | Found a basalt altar of Yredelemnul.
  2283 | D:4      | Reached XP level 6. HP: 61/62 MP: 5/5
  2502 | D:4      | Noticed Menkaure
  2508 | D:4      | Killed Menkaure
  2508 | D:4      | Reached skill level 5 in Unarmed Combat
  2756 | D:5      | Entered Level 5 of the Dungeon
  3043 | D:5      | Reached skill level 5 in Fighting
  3043 | D:5      | Reached XP level 7. HP: 68/72 MP: 6/6
  3186 | D:5      | Found Dayne's Antique Weapon Shop.
  3613 | D:6      | Reached skill level 6 in Unarmed Combat
  3787 | D:6      | Found a shimmering blue altar of Sif Muna.
  3910 | D:6      | Found Dayruri's Distillery.
  3988 | D:6      | Reached XP level 8. HP: 55/83 MP: 7/7
  4090 | D:6      | Reached skill level 7 in Unarmed Combat
  4661 | D:7      | Reached skill level 8 in Unarmed Combat
  4870 | D:7      | Found a glowing silver altar of Zin.
  4870 | D:7      | Noticed an angel
  5048 | D:7      | Found Wuhe's Distillery.
  5057 | D:7      | Found Tisuish's Gadget Emporium.
  5265 | D:7      | Found a stormy altar of Qazlal.
  5266 | D:7      | Found an iron altar of Okawaru.
  5289 | D:7      | Became a worshipper of Warmaster Okawaru
  5358 | D:7      | Reached XP level 9. HP: 93/93 MP: 8/8
  5365 | D:7      | Found a staircase to the Ecumenical Temple.
  5375 | D:7      | Found Tariruhe's Magic Scroll Emporium.
  5523 | D:7      | Found Qusitwiph's Distillery.
  5561 | D:7      | Found Xeanessie's General Store.
  5690 | D:7      | Reached skill level 9 in Unarmed Combat
  5887 | D:8      | Noticed Erica
  5909 | D:8      | Killed from afar by Erica

Illustrated notes

Levels and vault maps discovered:
D:1:      dpeg_arrival_connections, layout_basic, corner_web_ring, minivault_24,
          minmay_circled_x
D:2:      layout_rooms, grunt_ministairs_1, uniq_jessica
D:3:      layout_basic, lemuel_coloured_pillars_altar,
          yredelemnul_forgotten_temple_becter
D:4:      layout_cave_pods, uniq_menkaure
D:5:      layout_loops_ring, first_ration, serial_shops,
          nicolae_shop_behind_doors, st_stairs_10
D:6:      layout_gridville, led_sif_book, serial_shops, kennysheep_mini_moat
D:7:      layout_cave_pods, minitemple, zin_angel, temple_green, serial_shops,
          shop, kennysheep_little_box, shop_scrolls, shop_fountains, shop_coins,
          wad_floor_pattern_untrapped
D:8:      layout_cave_pods, uniq_erica

Skill      XL: |  1  2  3  4  5  6  7  8  9 |
---------------+----------------------------+-----
Fighting       | 3 4 5 6 7 |  7.7
Unarmed Combat | 3 4 5 6 8 9 |  9.0
Dodging        | |  2.4
Shields        | |  2.4

Action                   |  1- 3 |  4- 6 |  7- 9 || total
-------------------------+-------+-------+-------++-------
Melee: Unarmed           |    96 |   207 |   254 ||   557
  Use: Scroll            |     7 |     5 |     6 ||    18
       Potion            |       |       |     1 ||     1
 Stab: Sleeping          |       |     3 |       ||     3
  Eat: Chunk             |    14 |    20 |    34 ||    68
Armor: Robe              |    31 |    95 |    74 ||   200
Dodge: Dodged            |    27 |    83 |    76 ||   186
Block: Kite shield       |    44 |   124 |   111 ||   279
